 Dungeon Crawl Stone Soup version 0.32-a0-656-g3542139ebd (webtiles) character file.

Game seed: 2669991268148174808

37 Drazool the Sneak (level 3, 0/24 HPs)
             Began as a Vampire Enchanter on Mar 8, 2024.
             Slain by an adder (4 damage)
             ... on level 2 of the Dungeon.
             The game lasted 00:03:53 (1472 turns).

Drazool the Sneak (Vampire Enchanter)               Turns: 1472, Time: 00:03:54

Health: 0/24       AC:  2    Str:  7    XL:     3   Next: 23%
Magic:  0/6        EV: 12    Int: 17    God:
Gold:   68         SH:  0    Dex: 16    Spells: 1/6 levels left

rFire   . . .        a - +1 dagger
rCold   . . .        (no shield)
rNeg    . . .        b - +0 robe
rPois   .            (no helmet)
rElec   .            (no cloak)
rCorr   .            (no gloves)
SInv    +            (no boots)
Will    .....        (no amulet)
Stlth   +++          (no ring)
HPRegen 0.44/turn    (no ring)
MPRegen 0.10/turn

%: no passive effects
@: lethally poisoned (0 -> -3), very slightly contaminated, healing quickly
A: alive, fangs 3, see invisible, vampiric 2
a: Exsanguinate


You were on level 2 of the Dungeon.
You visited 1 branch of the dungeon, and saw 2 of its levels.

You collected 68 gold pieces.


Innate Abilities, Weirdness & Mutations

Your natural rate of healing is accelerated.
You have razor-sharp teeth.
You have supernaturally acute eyesight. (SInv)
You are afflicted with vampirism and can become a bat while bloodless.


   Skills:
 - Level 2.1 Short Blades
 - Level 2.1 Dodging
 - Level 5.1 Stealth
 - Level 2.0 Spellcasting
 - Level 4.4 Hexes
 + Level 1.7 Ice Magic


You had one spell level left.
You knew the following spells:

 Your Spells              Type           Power      Damage    Failure   Level
d - Tukima's Dance        Hex            16%        N/A       10%         3
e - Ensorcelled Hibernat  Hex/Ice        24%        N/A       9%          2

Your spell library contained the following spells:

 Spells                   Type           Power      Damage    Failure   Level
 Confusing Touch          Hex            16%        N/A       10%         3
 Dazzling Flash           Conj/Hex       18%        N/A       24%         3

Inventory:

Hand Weapons
 a - a +1 dagger (weapon)
Armour
 b - a +0 robe (worn)
Scrolls
 h - 2 scrolls of immolation
 i - a scroll of enchant armour
 k - a scroll of teleportation {@r2}
Potions
 c - 2 potions of invisibility
 d - 2 potions of curing {@q1}
 e - 2 potions of might
 g - a potion of mutation {unknown}
 j - a potion of degeneration {unknown}

Dungeon Overview and Level Annotations

Branches:
Dungeon (2/15)

Altars:

...#+#+###......#
##.... #......#
.... +......#
...####......#
....##......#
...# ..# ♣S# ♣@##
♣..#### ♣♣♣.....#
..........###
.......##...#
........###.>#
####### ..?.....#
##.# #......
........# #.#
#.##### ........+
#.# #.#<#


You could see an adder.


Message History

Confirm with . or Enter, or press ? or * to list all spells.
Aiming: Ensorcelled Hibernation (safe; 9% risk of failure)
Press: ? - help, Shift-Dir - straight line, f/p - adder
Aim: an adder (heavily wounded, chance to affect: 54%)
The adder resists with significant effort.
You feel sick. The adder bites you.
* * * LOW HITPOINT WARNING * * *
Unknown command.
You barely miss the adder.
The adder is heavily wounded.
You feel sick. The adder bites you but does no damage.
The adder closely misses you.
You miss the adder.
The adder is heavily wounded.
You feel sick. The adder bites you.
* * * LOW HITPOINT WARNING * * *
You are more poisoned.
The adder poisons you!
You miss the adder.
The adder is heavily wounded.
You feel sick. The adder barely misses you.
You hit the adder.
The adder is almost dead.
You feel sick. The adder bites you.
* * * LOW HITPOINT WARNING * * *
Unknown command.
You closely miss the adder.
The adder is almost dead.
You feel sick. The adder bites you.
You die...

Skill      XL: |  1  2 |
---------------+-------+-----
Short Blades   | 2 |  2.1
Stealth        | 5 |  5.1
Ice Magic      | 1 |  1.7
Dodging        | |  2.1
Spellcasting   | |  2.0
Hexes          | |  4.4

Action                     || total
---------------------------++-------
  Melee: Dagger            ||    58
         Bite              ||     3
   Cast: Ensorcelled Hiber ||     6
    Use: Scroll            ||     5
   Stab: Sleeping          ||    16
 Armour: Robe              ||    29
  Dodge: Dodged            ||    20

Levels and vault maps discovered:
D:1:      lemuel_arrival_hallway, layout_basic
D:2:      layout_basic, nrook_campfire, minmay_pentomino_pile, uniq_natasha

Notes
Turn   | Place    | Note
-------+----------+-------------------------------------------
     0 | D:1      | Drazool the Vampire Enchanter began the quest for the Orb.
     0 | D:1      | Reached XP level 1. HP: 13/13 MP: 3/3
    66 | D:1      | Reached skill level 2 in Short Blades
   108 | D:1      | Reached XP level 2. HP: 19/19 MP: 5/5
   361 | D:1      | Reached skill level 5 in Stealth
   481 | D:1      | Learned a level 2 spell: Ensorcelled Hibernation
   881 | D:1      | Reached skill level 1 in Ice Magic
  1026 | D:2      | Gained mutation: You are afflicted with vampirism and can
                  | become a bat while bloodless. [Vampire growth]
  1026 | D:2      | Reached XP level 3. HP: 24/24 MP: 6/6
  1178 | D:2      | Learned a level 3 spell: Tukima's Dance
  1472 | D:2      | Slain by an adder

Vanquished Creatures
  An adder (D:2)
  A dart slug (D:1)
  3 ball pythons (D:1)
  2 endoplasms (D:2)
  2 giant cockroaches (D:1)
  3 goblins
  3 hobgoblins (D:1)
  A quokka (D:1)
  4 bats
  2 frilled lizards (D:1)
  2 kobolds (D:1)
  2 rats
26 creatures vanquished.

Table legend: (Time is in decaauts)
 A = Elapsed time spent in this place.
 B = Non-inter-level travel time spent in this place.
 C = Inter-level travel time spent in this place.
 D = Time resting spent in this place.
 E = Time spent auto-exploring this place.
 F = Levels seen in this place.
 G = Mean time per level.
                   A        B        C        D        E       F      G
               +--------+--------+--------+--------+--------+-----+--------+
         Total |   1467 |   1273 |    194 |      2 |   1019 |   2 |  733.5 |
       Dungeon |   1467 |   1273 |    194 |      2 |   1019 |   2 |  733.5 |
               +--------+--------+--------+--------+--------+-----+--------+

Top non-repeatable levels by time:
     D:1: 949 daAuts
     D:2: 517 daAuts

Table legend:
 A = Non-vault XP
 B = Vault XP
 C = Vault XP percentage of total XP
 D = Non-vault monster count
 E = Vault monster count
 F = Vault count percentage of total count
                 A         B        C        D         E       F
            +---------+---------+-------+---------+---------+-------
      Total |      54 |       0 |   0.0 |      26 |       0 |   0.0
            +---------+---------+-------+---------+---------+-------
        D:1 |      33 |       0 |   0.0 |      20 |       0 |   0.0
        D:2 |      21 |       0 |   0.0 |       6 |       0 |   0.0
            +---------+---------+-------+---------+---------+-------
